 Dungeon Crawl Stone Soup version 0.32-a0-814-g0968bab981 (webtiles) character file.

Game seed: 16793216752903842110

361 cforsyth the Firebug (level 6, -15/79 HPs)
             Began as a Mountain Dwarf Cinder Acolyte on Mar 22, 2024.
             Was a High Priest of Ignis.
             Demolished by an ogre
             ... wielding a +0 giant club
              (22 damage)
             ... on level 3 of the Dungeon.
             The game lasted 00:03:02 (2685 turns).

cforsyth the Firebug (MDCA)                         Turns: 2685, Time: 00:03:04

Health: -15/79     AC: 27    Str: 18    XL:     6   Next: 38%
Magic:  2/9        EV:  2    Int: 15    God:    Ignis [*****.]
Gold:   134        SH:  0    Dex:  5    Spells: 7/9 levels left

rFire   + . .        a - -1 hand axe (flame)
rCold   . . .        (no shield)
rNeg    . . .        j - melded +0 chain mail
rPois   +            (helmet currently unavailable)
rElec   .            (cloak currently unavailable)
rCorr   .            (gloves currently unavailable)
SInv    .            (boots currently unavailable)
Will    .....        (no amulet)
Stlth   +            T - +4 ring of protection
HPRegen 0.33/turn    L - ring of flight
MPRegen 0.11/turn

%: no passive effects
@: lethally poisoned (-15 -> -22), tree-form, attractive
A: stationary, stasis, torment immunity, boosted hp, runic magic, artefact
enchanting, (claws 1), devolution 1
a: Renounce Religion, Fiery Armour, Foxfire Swarm, Rising Flame


You were on level 3 of the Dungeon.
You worshipped Ignis.
Ignis was extremely pleased with you.
You were a tree.
You visited 1 branch of the dungeon, and saw 3 of its levels.

You collected 134 gold pieces.


Innate Abilities, Weirdness & Mutations

You are a tree.
Your roots penetrate the ground, keeping you stationary.
You cannot be teleported.
You are immune to unholy pain and torment.
Your maximum health is greatly increased.
Your equipment is partially melded.
Your spellcasting is much less encumbered by armour.
You can use scrolls of enchantment on lesser artefacts.
((You have sharp fingernails.))
You have hidden genetic defects.


   Skills:
 + Level 4.5 Fighting
 + Level 5.0 Axes
 + Level 2.8 Armour
 + Level 2.4 Spellcasting
 + Level 5.1 Fire Magic


You had 7 spell levels left.
You knew the following spells:

 Your Spells              Type           Power      Damage    Failure   Level
X - Scorch                Fire           34%        2d6       4%          2

Your spell library contained the following spells:

 Spells                   Type           Power      Damage    Failure   Level
 Apportation              Tloc           2%         N/A       22%         1
 Necrotise                Necr           4%         1d4       22%         1
 Sting                    Conj/Alch      4%         1d3       22%         1
 Summon Small Mammal      Summ           4%         N/A       22%         1

Inventory:

Hand Weapons
 a - a -1 hand axe of flaming (weapon)
Armour
 j - a +0 chain mail (melded)
Jewellery
 L - a ring of flight (right branch)
 R - a ring of resist corrosion
 T - a +4 ring of protection (left branch)
Scrolls
 d - a scroll of immolation {unknown}
 e - a scroll of identify {unknown}
 f - a scroll of amnesia {unknown}
Potions
 c - a potion of attraction
 g - a potion of curing {unknown}
 h - a potion of brilliance {unknown}

Dungeon Overview and Level Annotations

Branches:
Dungeon (3/15)

Altars:
Trog

...####)....#
###........#
##.........##
##...######.#
#...##.O..###
#...##!##$.#
##...###...#
##....sO.##
###..♣###
#####


You could see an ogre and a scorpion.


Message History

Your magical contamination has completely faded away.
You closely miss the ogre.
The ogre is severely wounded.
You closely miss the scorpion.
You feel sick. The ogre hits you with a +0 giant club!
* * * LOW HITPOINT WARNING * * *
The scorpion stings you but does no damage.
You hit the ogre. You burn the ogre.
The ogre is almost dead.
You hit the scorpion but do no damage.
You feel sick.
The scorpion stings you but does no damage.
The ogre hits you with a +0 giant club.
* * * LOW HITPOINT WARNING * * *
You barely miss the ogre.
The ogre is almost dead.
You hit the scorpion but do no damage.
You feel sick. The scorpion stings you.
* * * LOW HITPOINT WARNING * * *
The scorpion stings you.
* * * LOW HITPOINT WARNING * * *
You are lethally poisoned!
The scorpion poisons you!
Unknown command.
It was a potion of mutation.
You feel extremely strange.
You feel a hidden malignance growing inside you.
You feel weaker.
Your fingernails lengthen.
You feel stronger.
* * * LOW HITPOINT WARNING * * *
You feel sick.
The ogre hits you with a +0 giant club!!
You die...
Ignis goes out, and joins you in death.

Skill      XL: |  1  2  3  4  5  6 |
---------------+-------------------+-----
Armour         | 1 2 |  2.8
Fire Magic     | 4 5 |  5.1
Axes           | 4 5 |  5.0
Fighting       | 4 |  4.5
Spellcasting   | 2 |  2.4

Action                     |  1- 3 |  4- 6 || total
---------------------------+-------+-------++-------
  Melee: Hand axe          |    65 |    13 ||    78
   Cast: Scorch            |    18 |    33 ||    51
    Use: Potion            |       |     3 ||     3
 Armour: Robe              |    40 |     7 ||    47
         Chain mail        |       |    15 ||    15
         Skin              |       |    14 ||    14
  Dodge: Dodged            |    34 |    15 ||    49

Levels and vault maps discovered:
D:1:      dpeg_arrival_tiny_a, layout_loops_ring
D:2:      layout_basic, dreamdust_ecumenical_altar_sealed_demon, minmay_unequal,
          uniq_sigmund, uniq_jessica
D:3:      layout_basic, mainiacjoe_overflow_alcove_1, trog_three_pillars_becter,
          hangedman_decor_points, nrook_campfire, minmay_puff, uniq_terence,
          uniq_crazy_yiuf_cottage

Notes
Turn   | Place    | Note
-------+----------+-------------------------------------------
     0 | D:1      | cforsyth the Mountain Dwarf Cinder Acolyte began the quest
                  | for the Orb.
     0 | D:1      | Reached XP level 1. HP: 19/19 MP: 2/2
   200 | D:1      | Reached XP level 2. HP: 25/26 MP: 3/3
   203 | D:1      | Learned a level 2 spell: Scorch
   556 | D:1      | Reached skill level 1 in Armour
   757 | D:2      | Reached skill level 4 in Fire Magic
   763 | D:2      | Reached XP level 3. HP: 20/31 MP: 0/5
   829 | D:2      | Reached skill level 4 in Axes
  1257 | D:2      | Found a faded altar of an unknown god.
  1348 | D:2      | Noticed Jessica
  1361 | D:2      | Killed Jessica
  1362 | D:2      | Reached XP level 4. HP: 40/40 MP: 1/6
  1614 | D:2      | Noticed Sigmund
  1919 | D:2      | Killed Sigmund
  1920 | D:2      | Reached skill level 4 in Fighting
  1920 | D:2      | Reached skill level 2 in Armour
  1920 | D:2      | Reached skill level 2 in Spellcasting
  1920 | D:2      | Reached XP level 5. HP: 47/47 MP: 2/8
  2298 | D:2      | Reached XP level 6. HP: 30/53 MP: 1/9
  2383 | D:3      | Reached skill level 5 in Fire Magic
  2545 | D:3      | Found a bloodstained altar of Trog.
  2551 | D:3      | Reached skill level 5 in Axes
  2685 | D:3      | Gained mutation: You have hidden genetic defects. [potion
                  | of mutation]
  2685 | D:3      | Gained mutation: You are weak. (Str -2) [potion of
                  | mutation]
  2685 | D:3      | Gained mutation: You have sharp fingernails. [potion of
                  | mutation]
  2685 | D:3      | Lost mutation: You are weak. (Str -2) [potion of mutation]
  2685 | D:3      | HP: 7/79 [poisoned by a scorpion]
  2685 | D:3      | Demolished by an ogre

Vanquished Creatures
  Sigmund (D:2)
  A jelly (D:3)
  2 orc priests
  Jessica (D:2)
  3 adders
  A ribbon worm (D:3)
  2 dart slugs
  3 orcs
  2 endoplasms
  4 giant cockroaches
  10 goblins
  7 hobgoblins
  A quokka (D:2)
  A ball python (D:2)
  4 bats
  3 frilled lizards
  2 kobolds (D:1)
  6 rats
54 creatures vanquished.

Table legend: (Time is in decaauts)
 A = Elapsed time spent in this place.
 B = Non-inter-level travel time spent in this place.
 C = Inter-level travel time spent in this place.
 D = Time resting spent in this place.
 E = Time spent auto-exploring this place.
 F = Levels seen in this place.
 G = Mean time per level.
                   A        B        C        D        E       F      G
               +--------+--------+--------+--------+--------+-----+--------+
         Total |   2696 |   2598 |     98 |    393 |   1778 |   3 |  898.7 |
       Dungeon |   2696 |   2598 |     98 |    393 |   1778 |   3 |  898.7 |
               +--------+--------+--------+--------+--------+-----+--------+

Top non-repeatable levels by time:
     D:2: 1308 daAuts
     D:1: 748 daAuts
     D:3: 639 daAuts

Table legend:
 A = Non-vault XP
 B = Vault XP
 C = Vault XP percentage of total XP
 D = Non-vault monster count
 E = Vault monster count
 F = Vault count percentage of total count
                 A         B        C        D         E       F
            +---------+---------+-------+---------+---------+-------
      Total |     252 |     265 |  51.3 |      49 |       5 |   9.3
            +---------+---------+-------+---------+---------+-------
        D:1 |      34 |       0 |   0.0 |      19 |       0 |   0.0
        D:2 |      95 |     265 |  73.6 |      18 |       5 |  21.7
        D:3 |     123 |       0 |   0.0 |      12 |       0 |   0.0
            +---------+---------+-------+---------+---------+-------
